 Dungeon Crawl Stone Soup version 0.31.0-11-ge490571c62 (webtiles) character file.

Game seed: 7044650925547411665

18 AlmostDecent the Trooper (level 2, -2/20 HPs)
             Began as a Gargoyle Fighter on Jan 29, 2024.
             Slain by Sigmund
             ... wielding a +0 scythe
              (6 damage)
             ... on level 2 of the Dungeon.
             The game lasted 00:01:51 (535 turns).

AlmostDecent the Trooper (Gargoyle Fighter)          Turns: 535, Time: 00:01:52

Health: -2/20      AC:  9    Str: 18    XL:     2   Next: 70%
Magic:  2/2        EV:  9    Int: 12    God:
Gold:   19         SH:  0    Dex:  8    Spells: 1/1 levels left

rFire   . . .        a - +0 war axe
rCold   . . .        c - +0 buckler
rNeg    + . .        b - +0 scale mail
rPois   ∞            (helmet restricted)
rElec   +            (no cloak)
rCorr   .            (no gloves)
SInv    .            (no boots)
Will    .....        (no amulet) Stlth
                     h - +4 ring of slaying
HPRegen 0.23/turn    (no ring)
MPRegen 0.08/turn

%: no passive effects
@: confused, mighty
A: sickness immunity, AC +2, negative energy resistance 1, electricity
resistance, torment resistance 1, petrification resistance, antennae 1, clever 1
a: no special abilities


You were on level 2 of the Dungeon.
You visited 1 branch of the dungeon, and saw 2 of its levels.

You collected 19 gold pieces.

Inventory:

Hand Weapons
 a - a +0 war axe (weapon)
Armour
 b - a +0 scale mail (worn)
 c - a +0 buckler (worn)
Jewellery
 h - a +4 ring of slaying (left hand)
Scrolls
 e - 2 scrolls of identify {unknown}
 i - a scroll of fog {unknown}


   Skills:
 + Level 3.8 Fighting
 * Level 2.4 Axes
 - Level 3.2 Armour
 - Level 3.2 Shields


You had one spell level left.
You didn't know any spells.
Your spell library was empty.

Dungeon Overview and Level Annotations

Branches:
Dungeon (2/15)

Altars:

Annotations:
D:2 Sigmund


Innate Abilities, Weirdness & Mutations

You are immune to sickness and miasma.
Your stone body is resilient. (AC +2)
You are immune to poison.
You resist negative energy. (rN+)
You are resistant to electric shocks. (rElec)
You are resistant to unholy torment.
You are immune to petrification.
You have a pair of small antennae on your head.
Your mind is acute. (Int +4, Str/Dex -1)


Message History

It was a potion of mutation.
You feel extremely strange. A pair of antennae grows on your head!
You feel clever.
It was a potion of invisibility.
You fade into invisibility!
You bump into the rock wall.
Sigmund says, "I'm your fate." Sigmund barely misses you.
You bump into the rock wall.
An endoplasm comes into view.
The endoplasm quivers.
You bump into the rock wall.
You feel less confused.
Sigmund points at something and mumbles some strange words.
The magic dart hits you. Sigmund gestures at you while chanting.
The puff of flame hits you!
You closely miss Sigmund.
Sigmund screams, "Die, monster!"
Sigmund barely misses you.
You closely miss Sigmund.
You flicker for a moment.
You block Sigmund's attack.
You closely miss Sigmund. Sigmund closely misses you.
You slash Sigmund!
Sigmund is moderately wounded.
Sigmund gestures at you while chanting.
You are confused.
You bump into the rock wall.
Sigmund gestures at you while chanting.
You are more confused.
You bump into the rock wall.
You flicker back into view.
Sigmund hits you with a +0 scythe!
* * * LOW HITPOINT WARNING * * *
You bump into the rock wall.
Sigmund hits you but does no damage.
You barely miss Sigmund.
Sigmund is moderately wounded.
Sigmund hits you with a +0 scythe.
You die...
Sigmund begins carving another notch in his scythe.

#########
#......<#
#.###.#######
#.......#
#####.#.#
#.#.# #.# #
#@# #@# #J#
... #.# #.#
#.# #.#


You could see Sigmund and an endoplasm.

Vanquished Creatures
  An endoplasm (D:1)
  2 goblins (D:1)
  4 jackals (D:1)
  2 kobolds (D:1)
  3 quokkas (D:1)
  A bat (D:1)
  3 rats (D:1)
16 creatures vanquished.

Notes
Turn   | Place    | Note
-------+----------+-------------------------------------------
     0 | D:1      | AlmostDecent the Gargoyle Fighter began the quest for the
                  | Orb.
     0 | D:1      | Reached XP level 1. HP: 14/14 MP: 1/1
   106 | D:1      | Reached XP level 2. HP: 19/19 MP: 2/2
   517 | D:2      | Noticed Sigmund
   520 | D:2      | Gained mutation: You have a pair of small antennae on your
                  | head. [potion of mutation]
   520 | D:2      | Gained mutation: Your mind is acute. (Int +4, Str/Dex -1)
                  | [potion of mutation]
   535 | D:2      | Slain by Sigmund

Illustrated notes

Levels and vault maps discovered:
D:1:      erik_arrival_orb_chamber, layout_basic, minivault_26
D:2:      layout_basic, uniq_sigmund, uniq_terence

Skill      XL: |  1 |
---------------+----+-----
Axes           | 2 |  2.4
Fighting       | |  3.8
Armour         | |  3.2
Shields        | |  3.2

Action                     || total
---------------------------++-------
  Melee: War axe           ||    41
    Use: Potion            ||     3
 Armour: Scale mail        ||    33
  Dodge: Dodged            ||    25
  Block: Buckler           ||     5
